 Dungeon Crawl Stone Soup version 0.24.0-37-gcf1ca852f1 (webtiles) character file.

Game seed: 4120327572498353211, levelgen mode: deterministic

32299 Iamsoldier the Thaumaturge (level 13, 0/101 HPs)
             Began as a Gnoll Skald on Nov 21, 2019.
             Was a High Priest of Okawaru.
             Slain by a spriggan rider
             ... wielding the +3 trident of Drought {freeze, rN++}
              (7 damage)
             ... on level 4 of the Lair of Beasts.
             The game lasted 01:08:58 (15432 turns).

Iamsoldier the Thaumaturge (Gnoll Skald)           Turns: 15432, Time: 01:08:58

Health: 0/101      AC: 19    Str: 22    XL:     13   Next: 63%
Magic:  30/35      EV: 29    Int: 19    God:    Okawaru [*****.]
Gold:   1012       SH:  0    Dex: 18    Spells: 16/31 levels left

rFire    . . .     SeeInvis .   X - +9 falchion of the Asp {slice, rN+}
rCold    + . .     Gourm    +   (no shield)
rNeg     + . .     Faith    .   j - +4 ring mail of Magic {rElec MP+9 Str+7 Stlth-}
rPois    .         Spirit   .   z - +0 helmet
rElec    +         Reflect  .   U - +1 cloak of Starlight {rElec rC+ EV+4 Stlth--}
rCorr    .         Harm     .   q - +0 pair of gloves
MR       .....                  p - +0 pair of boots
Stlth    ++........             H - amulet of the gourmand
HPRegen  0.26/turn              L - +3 ring of dexterity
MPRegen  0.24/turn              A - +3 ring of evasion

@: heroism, singing
A: distributed training, fangs 1, strong nose
a: Heroism, Finesse, Renounce Religion


You were on level 4 of the Lair of Beasts.
You worshipped Okawaru.
Okawaru was extremely pleased with you.
You were very full.

You visited 3 branches of the dungeon, and saw 16 of its levels.

You collected 1012 gold pieces.

Inventory:

Hand Weapons
 a - a +2 antimagic halberd
 b - a +2 hunting sling of velocity
 i - a +2 war axe of flaming
 X - the +9 falchion of the Asp (weapon) {slice, rN+}
   (You found it on level 11 of the Dungeon)

   It inflicts extra damage upon your enemies.
   It protects you from negative energy.
Missiles
 k - 125 sling bullets
Armour
 j - the +4 ring mail of Magic (worn) {rElec MP+9 Str+7 Stlth-}
   (You found it on level 3 of the Lair of Beasts)

   It affects your strength (+7).
   It insulates you from electricity.
   It affects your magic capacity (+9).
   It makes you less stealthy.
 p - a +0 pair of boots (worn)
 q - a +0 pair of gloves (worn)
 z - a +0 helmet (worn)
 U - the +1 cloak of Starlight (worn) {rElec rC+ EV+4 Stlth--}
   (Okawaru gifted it to you on level 9 of the Dungeon)

   It affects your evasion (+4).
   It protects you from cold.
   It insulates you from electricity.
   It makes you much less stealthy.
Jewellery
 f - an uncursed ring of see invisible
 A - a +3 ring of evasion (right hand)
 G - a +3 ring of protection
 H - an amulet of the gourmand (around neck)
 L - a +3 ring of dexterity (left hand)
Wands
 t - a wand of clouds (5)
 v - a wand of paralysis (8)
 w - a wand of random effects (43)
 y - a wand of disintegration (7)
 B - a wand of flame (70)
 D - a wand of iceblast (15)
 K - a wand of polymorph (15)
 O - a wand of digging (5)
 V - a wand of enslavement (5)
Scrolls
 g - a scroll of magic mapping {unknown}
 m - 13 scrolls of teleportation
 n - 2 scrolls of amnesia {unknown}
 o - 4 scrolls of random uselessness {unknown}
 r - 2 scrolls of fog {unknown}
 I - 4 scrolls of remove curse
 M - a scroll of fear {unknown}
 N - a scroll of enchant armour {unknown}
 P - a scroll of brand weapon {unknown}
 Q - a scroll of identify
 S - a scroll of vulnerability {unknown}
 Y - a scroll of summoning {unknown}
Potions
 c - 2 potions of ambrosia
 s - a potion of mutation
 u - a potion of cancellation
 x - a potion of berserk rage
 E - a potion of magic
 F - 2 potions of lignification
 J - 3 potions of brilliance
 R - 2 potions of flight
 T - a potion of haste
Miscellaneous
 h - a fan of gales
Comestibles
 d - 40 rations


   Skills:
 + Level 9.5(14.5) Fighting
 + Level 8.3(13.3) Short Blades
 + Level 8.3(13.3) Long Blades
 + Level 8.3(13.3) Axes
 + Level 8.3(13.3) Maces & Flails
 + Level 9.5(14.5) Polearms
 + Level 8.3(13.3) Staves
 + Level 8.3(13.3) Slings
 + Level 8.3(13.3) Bows
 + Level 8.3(13.3) Crossbows
 + Level 8.3(13.3) Throwing
 + Level 8.8(13.8) Armour
 + Level 9.5(14.5) Dodging
 + Level 8.3(13.3) Stealth
 + Level 8.3(13.3) Shields
 + Level 8.3(13.3) Unarmed Combat
 + Level 9.7 Spellcasting
 + Level 6.9 Conjurations
 + Level 6.9 Hexes
 + Level 8.9 Charms
 + Level 6.9 Summonings
 + Level 6.9 Necromancy
 + Level 6.9 Translocations
 + Level 6.9 Transmutations
 + Level 6.9 Fire Magic
 + Level 6.9 Ice Magic
 + Level 6.9 Air Magic
 + Level 6.9 Earth Magic
 + Level 6.9 Poison Magic
 + Level 9.1 Invocations
 + Level 8.3 Evocations


You had 16 spell levels left.
You knew the following spells:

 Your Spells              Type           Power        Failure   Level  Hunger
a - Infusion              Chrm           ####         1%          1    None
b - Shroud of Golubria    Chrm/Tloc      #####.       1%          2    None
c - Spectral Weapon       Hex/Chrm       #####...     1%          3    None
d - Regeneration          Chrm/Necr      #####.....   1%          3    None
e - Summon Ice Beast      Ice/Summ       #####...     6%          4    ###....
f - Song of Slaying       Chrm           #####...     1%          2    None

Your spell library contained the following spells:

 Spells                   Type           Power        Failure   Level  Hunger
 Freeze                   Ice            ####         1%          1    None
 Magic Dart               Conj           ####         1%          1    None
 Summon Butterflies       Summ           #####...     1%          1    None
 Searing Ray              Conj           #####.       1%          2    None
 Throw Frost              Conj/Ice       #####.       1%          2    None
 Call Canine Familiar     Summ           #####...     1%          3    None
 Dazzling Spray           Conj/Hex       #####.       1%          3    None
 Ignite Poison            Fire/Tmut/Pois #####...     1%          3    None
 Ozocubu's Armour         Chrm/Ice       #####...     1%          3    None
 Force Lance              Conj/Tloc      #####...     6%          4    ###....
 Fulminant Prism          Conj/Hex       #####.....   6%          4    ###....
 Iskenderun's Mystic Bla  Conj           #####...     6%          4    ###....
 Summon Lightning Spire   Summ/Air       #####...     6%          4    ###....
 Throw Icicle             Conj/Ice       #####...     6%          4    ###....
 Fireball                 Conj/Fire      #####.....   17%         5    #####..
 Silence                  Hex/Air        #####.....   17%         5    #####..
 Summon Mana Viper        Hex/Summ       #####...     17%         5    #####..
 Deflect Missiles         Chrm/Air       #####.....   54%         6    ######.
 Bolt of Fire             Conj/Fire      #####.....   67%         6    ######.
 Conjure Ball Lightning   Conj/Air       #####.....   67%         6    ######.
 Ring of Flames           Chrm/Fire      #####.....   98%         7    #######
 Summon Hydra             Summ           #####.....   99%         7    #######
 Ignition                 Fire           #####.....   100%        8    #######
 Tornado                  Air            #####.....   100%        9    #######


Dungeon Overview and Level Annotations

Branches:
Dungeon (11/15)            Temple (1/1) D:6            Lair (4/6) D:11
  Swamp (0/4) Lair:3        Snake (0/4) Lair:2
    Orc: D:9-12

Altars:
Ashenzari
Cheibriados
Dithmenos
Elyvilon
Fedhas
Gozag
Hepliaklqana
Kikubaaqudgha
Makhleb
Nemelex Xobeh
Okawaru
Qazlal
Ru
Sif Muna
Trog
Uskayaw
Vehumet
Wu Jian
Xom
Yredelemnul
Zin
The Shining One


Innate Abilities, Weirdness & Mutations

Your experience applies equally to all skills.
You have very sharp teeth.
Your uncanny sense of smell can sniff out nearby items.


Message History

The spriggan rider completely misses your ice beast.
You swap places.
The spriggan rider hits you from afar with the +3 trident of Drought {freeze, rN++}.
* * * LOW HITPOINT WARNING * * *
Your ice beast hits the spriggan rider.
Your ice beast freezes the spriggan rider!
The spriggan rider hits you with the +3 trident of Drought {freeze, rN++}!
* * * LOW HITPOINT WARNING * * *
The spriggan rider freezes you.
* * * LOW HITPOINT WARNING * * *
Your ice beast hits the spriggan rider.
Your ice beast freezes the spriggan rider!
Okay, then.
Okay, then.
The spriggan rider completely misses you.
Your ice beast hits the spriggan rider.
Your ice beast freezes the spriggan rider!
Your ice beast completely misses the spriggan rider.
The spriggan rider hits you from afar with the +3 trident of Drought {freeze, rN++}!
You die...

# #.#≈### ..#..#.
##.#.#≈#.##..#..## ...
#P....≈..........#
......
##....≈.........## ..
.... #..#.≈.......#.P#
###. ._..#
#..###≈#.....P..## #..
....# ≈≈.
#≈#..=......###.##.....
.≈.
####..###..#.##..#..##
≈≈# #..###..@(i......P#
≈ #......♣♣#⌠gY.⌠#♣♣#
###.##.♣.♣##)##♣.♣
###..♣.♣.....).♣
#..♣♣.♣.♣..P♣♣
#P..♣...!..♣♣
##..♣...P♣♣.♣
#..♣♣♣..=∆♣♣ #..♣ ♣♣♣♣


You could see a spriggan rider, a boggart, a friendly ice beast and a friendly
spectral +9 falchion of the Asp {slice, rN+}.

Vanquished Creatures
  The ghost of Nubia the Covert, a journeyman GnEn (Lair:4)
  Harold (D:9)
  A hydra (Lair:1)
  2 two-headed ogres
  A centaur warrior (D:9)
  5 death yaks (Lair:3)
  Sonja (Lair:1)
  Nergalle (Lair:2)
  A cyclops (D:11)
  6 oklob plants (Lair:3)
  A torpor snail (Lair:3)
  Joseph (D:8)
  2 black mambas
  5 spiny frogs
  2 komodo dragons
  3 trolls
  2 polar bears (Lair:4)
  2 hornets
  5 blink frogs (Lair:3)
  2 bog bodies (Lair:3)
  8 hippogriffs
  2 wraiths (D:9)
  Sigmund (D:4)
  A spriggan (Lair:4)
  2 wyverns
  20 yaks
  A human (D:7)
  A basilisk (D:11)
  4 hogs (D:7)
  A steam dragon (D:9)
  A vampire mosquito (D:8)
  Edmund (D:4)
  8 water moccasins
  6 porcupines
  Duvessa (D:4)
  A black bear (D:9)
  3 ice beasts
  A sky beast (D:9)
  3 eyes of draining (D:4)
  4 ogres
  2 phantoms
  2 necrophages (D:9)
  3 wolves (Lair:3)
  7 centaurs
  9 crocodiles
  2 big kobolds
  18 bullfrogs
  A wyvern zombie (D:9)
  A gnoll sergeant (D:9)
  Dowan (D:4)
  3 scorpions
  6 killer bees (D:10)
  2 wights (D:9)
  An electric eel (Lair:1)
  2 quasits (D:9)
  5 howler monkeys
  6 crimson imps
  3 centaur zombies
  3 bullfrog zombies
  7 hounds
  2 bullfrog skeletons
  2 centaur skeletons
  2 orc priests
  Crazy Yiuf (D:2)
  A jelly (D:9)
  12 orc wizards
  5 human zombies (D:9)
  A human skeleton (D:9)
  4 iguanas
  Ijyb (D:3)
  7 worker ants
  Natasha (twice) (D:2)
  3 killer bee zombies
  3 mummies (D:9)
  A worker ant zombie (D:9)
  4 gnolls
  14 adders
  A howler monkey skeleton (D:8)
  A shadow imp (D:9)
  An ooze (D:3)
  An adder skeleton (D:9)
  2 worms
  2 dart slugs
  5 leopard geckos
  18 orcs
  A ball python (D:2)
  3 giant cockroaches
  5 goblins
  5 hobgoblins
  4 jackals (D:1)
  14 kobolds
  7 quokkas
  9 bats
  A frilled lizard (D:3)
  A jackal zombie (D:8)
  A leopard gecko skeleton (D:4)
  A quokka skeleton (D:7)
  31 rats
  A fungus (Lair:3)
  6 plants (Lair:3)
385 creatures vanquished.

Vanquished Creatures (others)
  2 fungi (Lair:4)
  16 plants
  14 spectral weapons
32 creatures vanquished.

Grand Total: 417 creatures vanquished

Notes
Turn   | Place    | Note
-------+----------+-------------------------------------------
     0 | D:1      | Iamsoldier the Gnoll Skald began the quest for the Orb.
     0 | D:1      | Reached XP level 1. HP: 20/20 MP: 6/6
   174 | D:1      | Reached XP level 2. HP: 21/26 MP: 4/7
   468 | D:1      | Reached XP level 3. HP: 29/31 MP: 6/9
   472 | D:1      | Learned a level 2 spell: Shroud of Golubria
   476 | D:1      | Learned a level 3 spell: Spectral Weapon
   480 | D:1      | Learned a level 3 spell: Regeneration
   547 | D:1      | Reached skill level 5 in Spellcasting
  1082 | D:2      | Reached skill level 1 in Invocations
  1274 | D:2      | Reached skill level 1 in Short Blades
  1274 | D:2      | Reached skill level 1 in Long Blades
  1274 | D:2      | Reached skill level 1 in Axes
  1274 | D:2      | Reached skill level 1 in Maces & Flails
  1274 | D:2      | Reached skill level 1 in Staves
  1274 | D:2      | Reached skill level 1 in Slings
  1274 | D:2      | Reached skill level 1 in Bows
  1274 | D:2      | Reached skill level 1 in Crossbows
  1274 | D:2      | Reached skill level 1 in Throwing
  1274 | D:2      | Reached skill level 1 in Stealth
  1274 | D:2      | Reached skill level 1 in Shields
  1274 | D:2      | Reached skill level 1 in Unarmed Combat
  1274 | D:2      | Reached skill level 1 in Evocations
  1274 | D:2      | Reached XP level 4. HP: 34/38 MP: 8/11
  1363 | D:2      | Found a faded altar of an unknown god.
  1421 | D:2      | Noticed Natasha
  1430 | D:2      | Killed Natasha
  1430 | D:2      | Reached skill level 1 in Conjurations
  1430 | D:2      | Reached skill level 1 in Hexes
  1430 | D:2      | Reached skill level 1 in Summonings
  1430 | D:2      | Reached skill level 1 in Necromancy
  1430 | D:2      | Reached skill level 1 in Translocations
  1430 | D:2      | Reached skill level 1 in Transmutations
  1430 | D:2      | Reached skill level 1 in Fire Magic
  1430 | D:2      | Reached skill level 1 in Ice Magic
  1430 | D:2      | Reached skill level 1 in Air Magic
  1430 | D:2      | Reached skill level 1 in Earth Magic
  1430 | D:2      | Reached skill level 1 in Poison Magic
  1473 | D:2      | Found a runed translucent door.
  1474 | D:2      | Noticed Crazy Yiuf
  1487 | D:2      | Killed Crazy Yiuf
  1487 | D:2      | Reached XP level 5. HP: 20/43 MP: 4/12
  2010 | D:2      | Noticed Natasha
  2016 | D:2      | Killed Natasha
  2515 | D:3      | Noticed Ijyb
  2527 | D:3      | Killed Ijyb
  2527 | D:3      | Reached XP level 6. HP: 46/50 MP: 9/13
  2547 | D:3      | Found a hazy altar of Hepliaklqana.
  3000 | D:4      | Reached skill level 5 in Fighting
  3000 | D:4      | Reached skill level 5 in Polearms
  3000 | D:4      | Reached skill level 5 in Dodging
  3056 | D:4      | Found a bloodstained altar of Trog.
  3056 | D:4      | Noticed an eye of draining
  3056 | D:4      | Noticed an eye of draining
  3078 | D:4      | Killed an eye of draining
  3078 | D:4      | Reached XP level 7. HP: 56/56 MP: 7/15
  3215 | D:4      | Noticed Duvessa
  3234 | D:4      | Noticed Dowan
  3239 | D:4      | Killed Duvessa
  3242 | D:4      | Killed Dowan
  3317 | D:4      | Reached XP level 8. HP: 63/63 MP: 3/16
  3439 | D:4      | Noticed Edmund
  3457 | D:4      | Killed Edmund
  3708 | D:4      | Noticed Sigmund
  3726 | D:4      | Killed Sigmund
  4460 | D:5      | Entered Level 5 of the Dungeon
  4501 | D:5      | Found a hide-covered altar of Uskayaw.
  4532 | D:5      | Found a stormy altar of Qazlal.
  4818 | D:5      | Found a burning altar of Makhleb.
  5103 | D:6      | Found a staircase to the Ecumenical Temple.
  5108 | Temple   | Entered the Ecumenical Temple
  5260 | Temple   | Became a worshipper of Warmaster Okawaru
  5375 | D:6      | Found a shattered altar of Ashenzari.
  5702 | D:6      | Reached XP level 9. HP: 57/69 MP: 18/18
  5732 | D:6      | Found a shimmering blue altar of Sif Muna.
  6206 | D:7      | Found an opulent altar of Gozag.
  6383 | D:7      | Noticed a komodo dragon
  6396 | D:7      | Killed a komodo dragon
  6396 | D:7      | Reached * piety under Okawaru
  6396 | D:7      | Reached skill level 5 in Armour
  6582 | D:7      | Reached skill level 5 in Invocations
  6589 | D:7      | Reached ** piety under Okawaru
  6937 | D:8      | Noticed Joseph
  6950 | D:8      | Killed Joseph
  6950 | D:8      | Reached XP level 10. HP: 39/77 MP: 1/20
  7287 | D:8      | Reached skill level 5 in Short Blades
  7287 | D:8      | Reached skill level 5 in Long Blades
  7287 | D:8      | Reached skill level 5 in Axes
  7287 | D:8      | Reached skill level 5 in Maces & Flails
  7287 | D:8      | Reached skill level 5 in Staves
  7287 | D:8      | Reached skill level 5 in Slings
  7287 | D:8      | Reached skill level 5 in Bows
  7287 | D:8      | Reached skill level 5 in Crossbows
  7287 | D:8      | Reached skill level 5 in Throwing
  7287 | D:8      | Reached skill level 5 in Stealth
  7287 | D:8      | Reached skill level 5 in Shields
  7287 | D:8      | Reached skill level 5 in Unarmed Combat
  7287 | D:8      | Reached skill level 5 in Evocations
  7297 | D:8      | Reached *** piety under Okawaru
  7879 | D:9      | Noticed Harold
  7889 | D:9      | Killed Harold
  7889 | D:9      | Reached **** piety under Okawaru
  7961 | D:9      | Paralysed by a hornet for 1 turns
  7998 | D:9      | Noticed a centaur warrior
  8037 | D:9      | Killed a centaur warrior
  8037 | D:9      | Reached ***** piety under Okawaru
  8037 | D:9      | Reached XP level 11. HP: 26/84 MP: 5/22
  8175 | D:9      | Received a gift from Okawaru
  8176 | D:9      | Found the +1 cloak of Starlight {rElec rC+ EV+4 Stlth--}
  8205 | D:9      | HP: 4/84 [vampire mosquito (10)]
  8211 | D:8      | HP: 3/84 [vampire mosquito (6)]
  8515 | D:8      | Reached skill level 5 in Conjurations
  8515 | D:8      | Reached skill level 5 in Hexes
  8515 | D:8      | Reached skill level 5 in Summonings
  8515 | D:8      | Reached skill level 5 in Necromancy
  8515 | D:8      | Reached skill level 5 in Translocations
  8515 | D:8      | Reached skill level 5 in Transmutations
  8515 | D:8      | Reached skill level 5 in Fire Magic
  8515 | D:8      | Reached skill level 5 in Ice Magic
  8515 | D:8      | Reached skill level 5 in Air Magic
  8515 | D:8      | Reached skill level 5 in Earth Magic
  8515 | D:8      | Reached skill level 5 in Poison Magic
  9109 | D:9      | You fall into a shaft and drop 2 floors!
  9133 | D:10     | Entered Level 10 of the Dungeon
  9174 | D:9      | Noticed a two-headed ogre
  9183 | D:9      | Killed a two-headed ogre
  9682 | D:9      | Found an ancient bone altar of Kikubaaqudgha.
 10667 | D:11     | Got a shimmering falchion
 10685 | D:11     | Identified the +9 falchion of the Asp {slice, rN+} (You
                  | found it on level 11 of the Dungeon)
 10759 | D:11     | Received a gift from Okawaru
 10771 | D:11     | Found a staircase to the Lair.
 10794 | D:11     | Reached XP level 12. HP: 46/93 MP: 17/24
 10899 | D:11     | Noticed a two-headed ogre
 10904 | D:11     | Killed a two-headed ogre
 11163 | D:11     | Received a gift from Okawaru
 11476 | Lair:1   | Entered Level 1 of the Lair of Beasts
 11571 | Lair:1   | Noticed a four-headed hydra
 11577 | Lair:1   | Killed a one-headed hydra
 11656 | Lair:1   | Learned a level 4 spell: Summon Ice Beast
 11701 | Lair:1   | Noticed Sonja
 11739 | Lair:1   | Killed Sonja
 12230 | Lair:2   | Learned a level 2 spell: Song of Slaying
 12358 | Lair:2   | Noticed Nergalle
 12516 | Lair:2   | Killed Nergalle
 12844 | Lair:2   | Found a staircase to the Snake Pit.
 12908 | Lair:2   | Received a gift from Okawaru
 12983 | Lair:2   | Got a transparent quarterstaff
 12983 | Lair:2   | Identified the cursed +3 quarterstaff of the Boar {drain,
                  | rPois MR- Str+7 Int+4} (You found it on level 2 of the Lair
                  | of Beasts)
 13439 | Lair:3   | Received a gift from Okawaru
 13642 | Lair:3   | Received a gift from Okawaru
 13645 | Lair:3   | Reached XP level 13. HP: 101/101 MP: 17/26
 13792 | Lair:3   | Found a staircase to the Swamp.
 14113 | Lair:3   | Received a gift from Okawaru
 14401 | Lair:3   | Received a gift from Okawaru
 15182 | Lair:3   | Got a spiked ring mail
 15192 | Lair:3   | Identified the +4 ring mail of Magic {rElec MP+9 Str+7
                  | Stlth-} (You found it on level 3 of the Lair of Beasts)
 15369 | Lair:4   | Found a runed translucent door.
 15370 | Lair:4   | Noticed Nubia's ghost (journeyman GnEn)
 15371 | Lair:4   | Identified the +3 trident of Drought {freeze, rN++}
 15375 | Lair:4   | Found a shadowy altar of Dithmenos.
 15408 | Lair:4   | Killed Nubia's ghost
 15432 | Lair:4   | Slain by a spriggan rider

Levels and vault maps discovered:
D:1:      dpeg_arrival_ratfight, layout_loops_ring
D:2:      layout_loops_ring, first_ration,
          chequers_ecumenical_altar_simple_redux, uniq_crazy_yiuf_cottage,
          uniq_natasha
D:3:      minmay_diamond_boxcup, layout_rooms, nicolae_overflow_crystal_walls,
          minmay_statues_item, minmay_rat_hole, uniq_ijyb
D:4:      cheibrodos_old_hovel, layout_basic, trog_eyes_of_draining,
          uniq_duvessa, uniq_edmund, uniq_sigmund
D:5:      layout_rooms, eat_drink_and_be_merry_uskayaw, basic_altar,
          makhleb_heckhound_becter
D:6:      layout_loops_cross, lemuel_doored_altar, led_sif_pool,
          minmay_temple_entry_grid, serial_rivers,
          chequers_serial_rivers_micro_a, chequers_serial_rivers_micro_b,
          chequers_serial_rivers_micro_b, chequers_serial_rivers_marsh
D:7:      layout_cave_pools, grunt_gozag_breadcrumbs, grunt_livestock,
          item_on_display_a
D:8:      minmay_general_purpose_star, layout_basic, uniq_joseph
D:9:      minmay_the_grid_3x2 [minmay_the_grid_all_tris,
          minmay_the_grid_minigrid_small, minmay_the_grid_zigzag_pyramid,
          minmay_the_grid_small_cups, minmay_the_grid_spikes,
          minmay_the_grid_prize_four_corners], layout_loops_ring,
          lemuel_mausoleum_altar_kikubaaqudgha, nicolae_zen_rock_garden,
          minmay_bent, uniq_harold
D:10:     layout_gridville
D:11:     layout_irregular_city, minmay_lair_entry_grove,
          hangedman_abyss_or_decor_lesser_grid
Temple:   bh_familiar_temple
Lair:1:   layout_roguey, serial_bayou_shore_a, infiniplex_staircase_pool,
          uniq_sonja
Lair:2:   layout_cave_pods, dummy_snake_entry, uniq_nergalle
Lair:3:   minmay_lair_oklob_tunnel, layout_chaotic_city,
          skrybe_swamp_entry_bodies, infiniplex_staircase_pool_2,
          grunt_megastairs_2, minmay_lair_oklob_chamber, lemuel_fruit_tree
Lair:4:   layout_loops_ring, serial_rivers, chequers_serial_rivers_micro_a,
          chequers_serial_rivers_micro_d, chequers_serial_rivers_micro_d,
          chequers_serial_rivers_micro_d, basic_altar,
          ebering_ghost_funeral_grove

Skill      XL: |  1  2  3  4  5  6  7  8  9 10 11 12 13 |
---------------+----------------------------------------+-----
Spellcasting   | 5 6 7 8 9 |  9.7
Invocations    | 1 2 3 4 5 6 7 8 9 |  9.1
Short Blades   | 1 2 3 4 5 6 7 8 |  8.3
Long Blades    | 1 2 3 4 5 6 7 8 |  8.3
Axes           | 1 2 3 4 5 6 7 8 |  8.3
Maces & Flails | 1 2 3 4 5 6 7 8 |  8.3
Staves         | 1 2 3 4 5 6 7 8 |  8.3
Slings         | 1 2 3 4 5 6 7 8 |  8.3
Bows           | 1 2 3 4 5 6 7 8 |  8.3
Crossbows      | 1 2 3 4 5 6 7 8 |  8.3
Throwing       | 1 2 3 4 5 6 7 8 |  8.3
Stealth        | 1 2 3 4 5 6 7 8 |  8.3
Shields        | 1 2 3 4 5 6 7 8 |  8.3
Unarmed Combat | 1 2 3 4 5 6 7 8 |  8.3
Evocations     | 1 2 3 4 5 6 7 8 |  8.3
Conjurations   | 1 2 3 4 5 6 |  6.9
Hexes          | 1 2 3 4 5 6 |  6.9
Summonings     | 1 2 3 4 5 6 |  6.9
Necromancy     | 1 2 3 4 5 6 |  6.9
Translocations | 1 2 3 4 5 6 |  6.9
Transmutations | 1 2 3 4 5 6 |  6.9
Fire Magic     | 1 2 3 4 5 6 |  6.9
Ice Magic      | 1 2 3 4 5 6 |  6.9
Air Magic      | 1 2 3 4 5 6 |  6.9
Earth Magic    | 1 2 3 4 5 6 |  6.9
Poison Magic   | 1 2 3 4 5 6 |  6.9
Armour         | 3 4 5 6 7 8 |  8.8
Fighting       | 5 6 7 8 9 |  9.5
Polearms       | 5 6 7 8 9 |  9.5
Dodging        | 5 6 7 8 9 |  9.5
Charms         | 6 7 8 |  8.9

Action                   |  1- 3 |  4- 6 |  7- 9 | 10-12 | 13-15 || total
-------------------------+-------+-------+-------+-------+-------++-------
Melee: Spear             |    96 |    53 |       |       |       ||   149
       Bite              |     6 |    14 |    19 |    77 |    44 ||   160
       Halberd           |       |   100 |   171 |   383 |     6 ||   660
       Falchion          |       |       |       |   228 |   182 ||   410
       Punch             |       |       |       |    21 |    13 ||    34
       War axe           |       |       |       |     2 |       ||     2
 Fire: Hunting sling     |       |       |     3 |       |    48 ||    51
Throw: Throwing net      |       |       |       |     1 |       ||     1
 Cast: Infusion          |     8 |     2 |       |       |       ||    10
       Spectral Weapon   |     1 |    12 |    18 |    63 |    14 ||   108
       Shroud of Golubri |       |     2 |     5 |    10 |     6 ||    23
       Regeneration      |       |     2 |     1 |     7 |     6 ||    16
       Summon Ice Beast  |       |       |       |     5 |     3 ||     8
       Song of Slaying   |       |       |       |     4 |     2 ||     6
Invok: Heroism           |       |       |       |     4 |     2 ||     6
       Finesse           |       |       |       |       |     1 ||     1
Evoke: Wand              |       |       |       |     6 |     2 ||     8
  Use: Scroll            |       |     4 |     1 |    15 |     1 ||    21
       Potion            |       |       |       |     6 |     3 ||     9
 Stab: Sleeping          |     1 |     3 |     3 |     8 |       ||    15
       Distracted        |       |     1 |     2 |     7 |     3 ||    13
  Eat: Chunk             |     1 |     7 |    18 |    27 |     5 ||    58
       Ration            |       |       |     1 |       |       ||     1
Armor: Leather armour    |    20 |    19 |    32 |    11 |       ||    82
       Troll leather arm |       |       |       |   163 |     6 ||   169
       Ring mail         |       |       |       |       |    10 ||    10
Dodge: Dodged            |    55 |    85 |    96 |   668 |   116 ||  1020
       Rpst.: Falchion   |       |       |       |    64 |    31 ||    95
